 Dungeon Crawl Stone Soup version 0.32-a0-768-g0f6f1dd4b9 (webtiles) character file.

Game seed: 11267283512493536946

240 demenzo the Chopper (level 5, -5/47 HPs)
             Began as a Mountain Dwarf Monk on Mar 18, 2024.
             Slain by Pikel
             ... wielding a +1 whip of flaming
              (10 damage)
             ... on level 4 of the Dungeon.
             The game lasted 00:05:05 (3095 turns).

demenzo the Chopper (Mountain Dwarf Monk)           Turns: 3095, Time: 00:05:05

Health: -5/47      AC: 10    Str: 16    XL:     5   Next: 79%
Magic:  5/5        EV: 10    Int: 12    God:
Gold:   221        SH:  0    Dex: 12    Spells: 4/4 levels left

rFire   . . .        b - +0 war axe
rCold   + . .        s - orb {light}
rNeg    . . .        t - +3 ring mail of Paeskuqusu {rPois rC+ rCorr Int+2}
rPois   +            c - +0 helmet
rElec   .            (no cloak)
rCorr   +            (no gloves)
SInv    .            v - +0 pair of boots
Will    .....        (no amulet)
Stlth   +            g - ring of resist corrosion
HPRegen 0.27/turn    (no ring)
MPRegen 0.09/turn

%: no passive effects
@: glowing
A: runic magic, artefact enchanting
a: no special abilities


You were on level 4 of the Dungeon.
You visited 1 branch of the dungeon, and saw 4 of its levels.

You collected 221 gold pieces.

Inventory:

Hand Weapons
 a - a +0 hand axe
 b - a +0 war axe (weapon)
Armour
 c - a +0 helmet (worn)
 l - a +0 chain mail of willpower
 s - an orb of light (worn)
 t - the +3 ring mail of Paeskuqusu (worn) {rPois rC+ rCorr Int+2}
   (You found it on level 3 of the Dungeon)

   Int+2:     It affects your intelligence (+2).
   rC+:       It protects you from cold.
   rPois:     It protects you from poison.
   rCorr:     It protects you from acid and corrosion.
 u - a +1 ring mail of willpower
 v - a +0 pair of boots (worn)
Jewellery
 g - a ring of resist corrosion (left hand)
Scrolls
 d - a scroll of teleportation {unknown}
 e - 2 scrolls of vulnerability {unknown}
 m - a scroll of fog {unknown}
 o - 2 scrolls of torment {unknown}
Potions
 f - 2 potions of enlightenment
 h - 2 potions of heal wounds
 i - a potion of invisibility {unknown}
 j - a potion of brilliance
 k - 2 potions of attraction {unknown}
 p - a potion of resistance {unknown}
 q - 2 potions of curing
 r - a potion of haste {unknown}
 x - a potion of ambrosia


   Skills:
 + Level 4.5 Fighting
 * Level 6.1 Axes
 + Level 1.3 Armour
 - Level 2.8 Dodging


You had 4 spell levels left.
You didn't know any spells.
Your spell library contained the following spells:

 Spells                   Type           Power      Damage    Failure   Level
 Static Discharge         Conj/Air       0%         3-3/arc   50%         2
 Inner Flame              Hex/Fire       0%         N/A       75%         3
 Passwall                 Erth           0%         N/A       75%         3
 Volatile Blastmotes      Fire/Tloc      0%         2d10      75%         3
 Airstrike                Air            0%         2d(0-16)  98%         4
 Summon Lightning Spire   Summ/Air       0%         N/A       98%         4
 Irradiate                Conj/Alch      0%         3d11      100%        5
 Bombard                  Conj/Erth      0%         9d1       100%        6
 Ignition                 Fire           0%         3d3       100%        8


Dungeon Overview and Level Annotations

Branches:
Dungeon (4/15) Zot: 20883  Temple (0/1) D:4

Altars:
Makhleb
Zin

Annotations:
D:4 Pikel


Innate Abilities, Weirdness & Mutations

Your spellcasting is much less encumbered by armour.
You can use scrolls of enchantment on lesser artefacts.


Message History

Pikel misses you.
You barely miss Pikel.
Pikel is moderately wounded.
Pikel misses you. Pikel closely misses you. The lemure misses you.
You hit Pikel but do no damage.
Pikel is heavily wounded.
You hit the lemure.
Pikel hits you with a +1 whip of flaming.
Pikel burns you.
You hit Pikel but do no damage.
Pikel is heavily wounded.
You barely miss the lemure.
Pikel hits you with a +1 whip of flaming.
Pikel burns you. The lemure hits you.
You hit Pikel but do no damage.
Pikel is heavily wounded.
You hit the lemure. You closely miss the lemure.
Pikel hits you with a +1 whip of flaming.
Pikel burns you. The lemure barely misses you. The lemure closely misses you.
You slash Pikel!
Pikel is almost dead.
You hit the lemure but do no damage. x2; Pikel barely misses you.
The lemure closely misses you. The lemure hits you.
You closely miss Pikel.
Pikel is almost dead.
You barely miss the lemure. You hit the lemure.
Pikel hits you with a +1 whip of flaming!
Pikel burns you. The lemure hits you. The lemure barely misses you.
Pikel barely misses you. The lemure hits you.
* * * LOW HITPOINT WARNING * * *
The lemure hits you!
* * * LOW HITPOINT WARNING * * *
You are too injured to fight recklessly!
You are too injured to fight recklessly!
You barely miss Pikel.
Pikel is almost dead.
You slash the lemure! x2
Pikel hits you with a +1 whip of flaming!
You die...
Pikel says, "Another soul for the market."

....+....#.#.#........5.
....#+#...#.#...#.######
...............#.######
#.....÷)#...+........
#.......#...#........
#.......#...#........
#######.......#...#........
.........55...#...#....†..÷
....(.(.5K@..†###########..
.......######...... ##.
...$... #...... #. ###....
....... ## #.... .......
#...$ ....... #K... .......
.....


You could see Pikel (poisoned) and 3 lemures.

Vanquished Creatures
  A lemure (D:3)
  A scorpion (D:4)
  An iguana (D:4)
  4 adders (D:4)
  4 gnolls (D:3)
  3 dart slugs
  7 endoplasms
  5 giant cockroaches
  6 hobgoblins
  4 jackals (D:1)
  5 quokkas
  5 ball pythons
  4 bats
  8 frilled lizards
  7 goblins
  5 kobolds
  2 rats
72 creatures vanquished.

Notes
Turn   | Place    | Note
-------+----------+-------------------------------------------
     0 | D:1      | demenzo the Mountain Dwarf Monk began the quest for the
                  | Orb.
     0 | D:1      | Reached XP level 1. HP: 19/19 MP: 1/1
   127 | D:1      | Reached skill level 4 in Axes
   204 | D:1      | Reached XP level 2. HP: 26/26 MP: 2/2
   397 | D:1      | Reached XP level 3. HP: 28/31 MP: 3/3
  1036 | D:2      | You fall into a shaft and drop 1 floor!
  1566 | D:3      | Reached XP level 4. HP: 27/40 MP: 4/4
  1692 | D:3      | Reached skill level 5 in Axes
  2022 | D:3      | Identified the +3 ring mail of Paeskuqusu {rPois rC+ rCorr
                  | Int+2}
  2434 | D:4      | Reached XP level 5. HP: 46/46 MP: 5/5
  2580 | D:4      | Found a burning altar of Makhleb.
  2586 | D:4      | Found a glowing silver altar of Zin.
  2586 | D:4      | Noticed an angel
  2587 | D:4      | Noticed a cacodemon
  2695 | D:4      | Found a staircase to the Ecumenical Temple.
  2761 | D:4      | Noticed a lemure
  2761 | D:4      | Noticed Pikel
  2836 | D:3      | Killed a lemure
  3060 | D:4      | Reached skill level 6 in Axes
  3060 | D:4      | Reached skill level 1 in Armour
  3084 | D:4      | Noticed a lemure
  3086 | D:4      | Noticed a lemure
  3086 | D:4      | Noticed a lemure
  3095 | D:4      | Slain by Pikel

Illustrated notes

Levels and vault maps discovered:
D:1:      dpeg_chamrin_arrival_tetris, layout_loops_ring, minmay_pentomino_t2
D:2:      layout_rooms, kennysheep_decorative_pillar
D:3:      layout_loops_ring, serial_park_tiny_2, st_stairs_6, serial_park_tiny_2
D:4:      layout_gridville, grunt_temple_overflow_order_and_chaos_2,
          minmay_temple_entry_grid, uniq_pikel

Skill      XL: |  1  2  3  4  5 |
---------------+----------------+-----
Axes           | 4 5 6 |  6.1
Fighting       | 4 |  4.5
Armour         | 1 |  1.3
Dodging        | |  2.8

Action                     |  1- 3 |  4- 6 || total
---------------------------+-------+-------++-------
  Melee: Hand axe          |   111 |    78 ||   189
         War axe           |       |    46 ||    46
  Throw: Dart              |       |     4 ||     4
    Use: Scroll            |       |     4 ||     4
 Armour: Robe              |    32 |       ||    32
         Chain mail        |    24 |    35 ||    59
         Ring mail         |    11 |    81 ||    92
  Dodge: Dodged            |    74 |    60 ||   134

Table legend: (Time is in decaauts)
 A = Elapsed time spent in this place.
 B = Non-inter-level travel time spent in this place.
 C = Inter-level travel time spent in this place.
 D = Time resting spent in this place.
 E = Time spent auto-exploring this place.
 F = Levels seen in this place.
 G = Mean time per level.
                   A        B        C        D        E       F      G
               +--------+--------+--------+--------+--------+-----+--------+
         Total |   3115 |   2791 |    324 |    301 |   1836 |   4 |  778.8 |
       Dungeon |   3115 |   2791 |    324 |    301 |   1836 |   4 |  778.8 |
               +--------+--------+--------+--------+--------+-----+--------+

Top non-repeatable levels by time:
     D:3: 1104 daAuts
     D:1: 1012 daAuts
     D:4: 584 daAuts
     D:2: 413 daAuts
